[Event "Titled Tuesday Blitz February 15 Late 2022"]
[White "Lopez Idarraga, Daniel Eduardo"]
[Black "Ezat, Mohamed"]
[WhiteFideId "4405501"]
[BlackFideId "10600906"]
[WhiteElo "1993"]
[BlackElo "2386"]
[Result "0-1"]
[Round "06"]
[TimeControl "180+1"]
[Date "2022.02.16"]
[WhiteClock "0:00:01"]
[BlackClock "0:00:46"]

1. d4 Nf6 2. Nf3 g6 3. Nc3 d5 4. Bf4 Bg7 5. e3 O-O 6. Ne5 c5 7. h4 Nc6 8. h5 Qb6 9. Na4 Qa5+ 10. c3 cxd4 11. exd4 Ne4 12. Nxc6 bxc6 13. hxg6 hxg6 14. Bd3 Ba6 15. Bc2 Rfe8 16. Be5 Bxe5 17. dxe5 Rab8 18. Qc1 Qb5 19. Qe3 f5 20. O-O-O Kf7 21. e6+ Kf6 22. Rh7 Qe2 23. Qd4+ Kxe6 24. f3 Nf6 25. Nc5+ Kd6 26. Rhh1 Qc4 27. Rhe1 e5 28. Qxc4 Bxc4 29. Nb3 Bxb3 30. Bxb3 e4 31. fxe4 fxe4 32. Rh1 Rh8 33. Rhf1 Rbf8 34. c4 Ke5 35. cxd5 Nxd5 36. Rfe1 Rf2 37. Rd2 Rxd2 38. Kxd2 Rh2 39. Re2 Nf4 40. Rf2 Rxg2 41. Rxg2 Nxg2 42. Ke2 Nf4+ 43. Ke3 Nd5+ 44. Kd2 Kd4 45. Ba4 e3+ 0-1


[Site "https://www.chess.com"]

[Event "Titled Tuesday Blitz February 15 Late 2022"]
[White "Lugovskoy, Maxim"]
[Black "Martirosyan, Haik M."]
[WhiteFideId "24126454"]
[BlackFideId "13306553"]
[WhiteElo "2444"]
[BlackElo "2735"]
[Result "1/2-1/2"]
[Round "06"]
[TimeControl "180+1"]
[Date "2022.02.15"]
[WhiteClock "0:00:34"]
[BlackClock "0:00:39"]

1. e4 e6 2. d4 d5 3. exd5 exd5 4. Nf3 Bd6 5. Bd3 Ne7 6. h3 Nbc6 7. c3 Bf5 8. O-O Qd7 9. Re1 O-O 10. Bxf5 Nxf5 11. Nbd2 Rfe8 12. Nf1 Rxe1 13. Qxe1 Re8 14. Qd1 Nce7 15. Qd3 Ng6 16. Bd2 c6 17. Re1 Rxe1 18. Nxe1 f6 19. Nf3 Kf7 20. Qe2 Bf8 21. g3 Nd6 22. h4 Ne7 23. Ne1 Ne4 24. Nd3 g6 25. Kg2 b6 26. f3 Nd6 27. Bf4 Nef5 28. Ne3 Nxe3+ 29. Qxe3 Nc4 30. Qe2 h5 31. g4 Be7 32. b3 Nd6 33. Nf2 Ne8 34. Nd3 Ng7 35. Bg3 Ne6 36. Nf4 Nxf4+ 37. Bxf4 c5 38. a4 Kg7 39. Kg3 Kf7 40. Kg2 Bd8 41. Kg3 Qe6 42. Qd3 f5 43. g5 Qd7 44. Be5 Bc7 45. f4 Bd8 46. Qe3 1/2-1/2


[Site "https://www.chess.com"]

[Event "Titled Tuesday Blitz February 15 Late 2022"]
[White "Martinez Alcantara, Jose Eduardo"]
[Black "Holt, Conrad"]
[WhiteFideId "3805662"]
[BlackFideId "2034387"]
[WhiteElo "2690"]
[BlackElo "2586"]
[Result "0-1"]
[Round "06"]
[TimeControl "180+1"]
[Date "2022.02.15"]
[WhiteClock "0:00:07"]
[BlackClock "0:00:07"]

1. c4 c6 2. Nf3 d5 3. g3 Bg4 4. Bg2 Nd7 5. cxd5 cxd5 6. Qb3 Nc5 7. Qb4 Bxf3 8. Bxf3 e6 9. O-O a5 10. Qb5+ Qd7 11. Nc3 Nf6 12. d3 Be7 13. Be3 O-O 14. Rac1 Rfc8 15. Bd4 Rc6 16. Rfd1 Qc7 17. Bxc5 Rxc5 18. Qa4 Rc8 19. Kg2 Qb6 20. Rb1 Qb4 21. Qb3 g5 22. e3 Qxb3 23. axb3 R5c6 24. h3 Rb6 25. e4 d4 26. Ne2 Rb4 27. Rdc1 Rc5 28. Rc4 Rcxc4 29. bxc4 Bc5 30. Nc1 Nd7 31. b3 a4 32. Bd1 a3 33. Na2 Rb6 34. b4 Ne5 35. Bc2 Be7 36. Kf1 Ra6 37. Ke2 Ra8 38. c5 b6 39. cxb6 Rb8 40. Rb3 Rxb6 41. Rxa3 Nc6 42. Ra8+ Kg7 43. Rc8 Nxb4 44. Nxb4 Bxb4 45. f4 gxf4 46. gxf4 Be7 47. e5 Rb2 48. Kf3 Ra2 49. Rc7 Bd8 50. Rc8 Ba5 51. Ke4 Rb2 52. Rc5 Bb6 53. Rc6 h6 54. f5 exf5+ 55. Kxf5 Rb5 56. Ke4 Ba7 57. Bd1 Rc5 58. Rd6 Bb8 59. Rd7 Rxe5+ 60. Kxd4 Re1 61. Bh5 Rf1 62. Ke3 Rf5 63. Bg4 Rf6 64. d4 Bd6 65. Ke4 Kf8 66. Kd5 Be7 67. Rb7 Rd6+ 68. Ke5 Ra6 69. Ke4 Bf6 70. Bh5 Re6+ 71. Kf5 Re7 72. Rb4 Kg7 73. d5 Re5+ 74. Kg4 Rg5+ 75. Kf4 Rxh5 76. Rb5 Rh4+ 77. Kg3 Rd4 78. Kf3 Kg6 79. Ra5 Rd1 80. Ke4 Re1+ 81. Kf3 Rd1 82. Ke4 Rd4+ 83. Ke3 Kf5 84. Ra7 Rxd5 85. Rxf7 Kg6 86. Ra7 Rh5 87. Kf4 Rxh3 88. Kg4 Rh4+ 89. Kg3 Rc4 90. Ra6 h5 91. Rc6 Rxc6 0-1


[Site "https://www.chess.com"]

[Event "Titled Tuesday Blitz February 15 Late 2022"]
[White "Martinez Ramirez, Lennis"]
[Black "Fiorito, Fabian"]
[WhiteFideId "3509079"]
[BlackFideId "100200"]
[WhiteElo "2374"]
[BlackElo "2395"]
[Result "0-1"]
[Round "06"]
[TimeControl "180+1"]
[Date "2022.02.16"]
[WhiteClock "0:00:01"]
[BlackClock "0:00:10"]

1. d4 d5 2. Bf4 Nf6 3. e3 c5 4. Nd2 Nc6 5. Ngf3 cxd4 6. exd4 a6 7. h3 Bf5 8. c3 h6 9. Ne5 Rc8 10. Ndf3 e6 11. Qa4 Nd7 12. Nxc6 Rxc6 13. Ne5 Nxe5 14. Bxe5 f6 15. Bg3 Qd7 16. Qb3 Be7 17. Be2 O-O 18. O-O Bd6 19. Bxd6 Rxd6 20. a4 Rc8 21. a5 e5 22. dxe5 fxe5 23. Rfd1 Be6 24. Bg4 Bxg4 25. hxg4 Kh8 26. Ra4 Rd8 27. Rb4 e4 28. g5 hxg5 29. Rxb7 Qg4 30. Rd4 Qf4 31. Qd1 Rf8 32. Qe2 g4 33. g3 Qf5 34. Rb6 Rff6 35. Rdb4 Qg6 36. Qxa6 e3 37. Rf4 Rxf4 38. gxf4 exf2+ 39. Kxf2 g3+ 40. Kg1 Qb1+ 41. Kg2 Qe1 42. Rb8+ Kh7 43. Qxd6 Qf2+ 44. Kh3 Qh2+ 45. Kg4 g2 46. Kf5 g1=Q 47. Qxd5 Qg6+ 48. Ke5 Qe2+ 49. Kd4 Qgd3+ 50. Kc5 Qee3+ 51. Qd4 Qexd4+ 52. cxd4 Qc2+ 53. Kd5 Qf5+ 54. Kc4 Qxa5 55. b4 Qc7+ 56. Kd5 Qxb8 0-1


[Site "https://www.chess.com"]

[Event "Titled Tuesday Blitz February 15 Late 2022"]
[White "Matinian, Nikita"]
[Black "Al-Tarboush, Ward"]
[WhiteFideId "24129100"]
[BlackFideId "7601450"]
[WhiteElo "2422"]
[BlackElo "2276"]
[Result "1-0"]
[Round "06"]
[TimeControl "180+1"]
[Date "2022.02.16"]
[WhiteClock "0:01:45"]
[BlackClock "0:01:20"]

1. e4 b6 2. d4 Bb7 3. Nc3 e6 4. a3 Nf6 5. e5 Ne4 6. Nxe4 Bxe4 7. Nf3 Be7 8. Bd3 Bxd3 9. Qxd3 d5 10. h4 h6 11. h5 c5 12. Rh3 cxd4 13. Rg3 Bf8 14. Nxd4 Qd7 15. Bf4 a6 16. O-O-O Nc6 17. Kb1 Nxd4 18. Qxd4 Bc5 19. Qd2 f5 20. exf6 gxf6 21. Bxh6 O-O-O 22. Rg7 Qb5 23. Qf4 e5 24. Qf5+ Kb8 25. Qxf6 Bxa3 26. Qxe5+ Ka8 27. Bc1 Rhe8 28. Qc7 1-0


[Site "https://www.chess.com"]

[Event "Titled Tuesday Blitz February 15 Late 2022"]
[White "Medeiros Jr, Francisco De Assis"]
[Black "Yushko, Olga"]
[WhiteFideId "2114267"]
[BlackFideId "14114500"]
[WhiteElo "1998"]
[BlackElo "2028"]
[Result "0-1"]
[Round "06"]
[TimeControl "180+1"]
[Date "2022.02.16"]
[WhiteClock "0:00:04"]
[BlackClock "0:00:24"]

1. d4 e6 2. Nf3 f5 3. Bf4 Nf6 4. e3 Be7 5. Bd3 d6 6. c4 O-O 7. Nc3 Qe8 8. Qc2 Qg6 9. O-O-O Nc6 10. Rhg1 Nb4 11. Qe2 Nxd3+ 12. Qxd3 Ne4 13. Rdf1 Bd7 14. g4 Nxc3 15. bxc3 fxg4 16. Qxg6 hxg6 17. Nd2 Bf6 18. Ne4 e5 19. Bg3 exd4 20. cxd4 Rae8 21. Nc3 Bf5 22. Nd5 Bd8 23. Kd2 c6 24. Nc3 Bc7 25. c5 Rd8 26. e4 Bc8 27. Ke3 dxc5 28. Bxc7 cxd4+ 29. Kd2 dxc3+ 30. Kxc3 Rde8 31. e5 Rf3+ 32. Kd2 Bf5 33. Rg3 Re7 34. Bd6 Rd7 35. Rxf3 gxf3 36. Ke3 Be6 37. Kxf3 Bxa2 38. Ra1 Bd5+ 39. Kf4 Rf7+ 40. Ke3 b6 41. f4 a5 42. Kd4 Ra7 43. Rb1 b5 44. Kc5 a4 45. Kb6 Rf7 46. Re1 Rd7 47. Kc5 Kf7 48. Rf1 Rb7 49. f5 gxf5 50. Rxf5+ Kg6 51. Rf4 a3 52. Rg4+ Kf7 53. Rf4+ Kg6 54. Rg4+ Kh6 55. e6 Bxe6 56. Bf4+ Kh7 57. Rh4+ Kg6 58. Kxc6 a2 59. Be5 Ra7 60. Ba1 Bc4 61. Rg4+ Kf5 62. Rg3 g5 63. Kc5 g4 64. Kb4 Ra4+ 65. Kc3 Ra3+ 66. Kb2 Rxg3 67. hxg3 Ke4 68. Kc3 Kf3 69. Kd4 Kxg3 70. Ke3 b4 0-1


[Site "https://www.chess.com"]

[Event "Titled Tuesday Blitz February 15 Late 2022"]
[White "Mekhitarian, Krikor Sevag"]
[Black "Xiong, Jeffery"]
[WhiteFideId "2107660"]
[BlackFideId "2047640"]
[WhiteElo "2598"]
[BlackElo "2727"]
[Result "0-1"]
[Round "06"]
[TimeControl "180+1"]
[Date "2022.02.15"]
[WhiteClock "0:00:02"]
[BlackClock "0:00:05"]

1. e4 c5 2. Nf3 d6 3. d4 cxd4 4. Nxd4 Nf6 5. Nc3 a6 6. Be3 e5 7. Nb3 Be6 8. f3 Nbd7 9. g4 b5 10. g5 b4 11. Ne2 Ng8 12. Qd3 a5 13. c4 h6 14. gxh6 g6 15. O-O-O a4 16. Nd2 Nc5 17. Bxc5 dxc5 18. Qxd8+ Rxd8 19. h4 Bxh6 20. b3 axb3 21. axb3 Nf6 22. Bh3 Bxh3 23. Rxh3 Ke7 24. Kc2 Ra8 25. Nc1 Rhd8 26. Rhh1 Nh5 27. Nb1 Rxd1 28. Rxd1 Bxc1 29. Kxc1 Nf4 30. Kb2 Rh8 31. Rh1 Rh5 32. Nd2 g5 33. Nf1 gxh4 34. Ne3 h3 35. Kc2 Rh8 36. Kd2 Ra8 37. Nd5+ Nxd5 38. cxd5 h2 39. Kd3 Ra2 40. Kc4 Rc2+ 41. Kb5 Kd6 42. Ra1 Kc7 43. Rh1 Kb7 44. Ra1 f6 45. Rh1 Kc7 46. Ra1 Kb7 47. Rh1 c4 48. Kxb4 c3 49. Kc4 Kb6 50. Kd3 Rf2 51. Kxc3 Rxf3+ 52. Kc4 Rh3 53. b4 Rh4 54. Kd3 Kb5 55. Ke3 Kxb4 56. d6 Rh3+ 57. Ke2 Rh7 58. d7 Rxd7 59. Rxh2 Rd4 60. Ke3 Kc3 61. Rh6 Rd3+ 62. Ke2 Rd6 63. Ke3 Kc4 64. Rh1 Rd3+ 65. Ke2 Kd4 66. Rh6 Re3+ 67. Kf2 Kxe4 68. Rxf6 Ra3 69. Ke2 Ra2+ 70. Ke1 Ke3 71. Kf1 e4 72. Rb6 Kf3 73. Rf6+ Ke3 74. Re6 Ra1+ 75. Kg2 Re1 76. Rb6 Rd1 77. Re6 Kd3 78. Rd6+ Ke2 79. Ra6 e3 80. Ra2+ Rd2 81. Ra1 Rb2 82. Kg3 Kd2 83. Kf3 Rc2 84. Kg3 Ke2 85. Kg2 Rd2 86. Kg3 Rd7 87. Ra2+ Ke1 88. Ra1+ Rd1 89. Ra2 Rd3 90. Kf3 e2+ 91. Ke4 Rb3 92. Ra1+ Kf2 93. Ra3 Rxa3 0-1


[Site "https://www.chess.com"]

[Event "Titled Tuesday Blitz February 15 Late 2022"]
[White "Mikhailov, Viacheslav"]
[Black "Rosen, Eric"]
[WhiteFideId "4187369"]
[BlackFideId "2032562"]
[WhiteElo "2381"]
[BlackElo "2362"]
[Result "1-0"]
[Round "06"]
[TimeControl "180+1"]
[Date "2022.02.16"]
[WhiteClock "0:00:10"]
[BlackClock "0:00:01"]

1. Nf3 d5 2. g3 Nf6 3. Bg2 e6 4. O-O Be7 5. d4 b5 6. a4 b4 7. c4 bxc3 8. Nxc3 O-O 9. Ne5 Nfd7 10. e4 Nxe5 11. dxe5 d4 12. Nb5 c5 13. Bf4 Nc6 14. Re1 Rb8 15. Rc1 a6 16. Nd6 Bxd6 17. exd6 e5 18. Rxc5 Qxd6 19. Rd5 Qe6 20. Bd2 Rxb2 21. Qc1 Rb8 22. Qc5 Bb7 23. Rd6 Qa2 24. Bg5 Qxa4 25. Bf1 Qb4 26. Rc1 Qxc5 27. Rxc5 Rfc8 28. Bc4 Kf8 29. Rd7 f6 30. Bc1 Ne7 31. Ba3 Rxc5 32. Bxc5 Rc8 33. Bxe7+ Ke8 34. Rxb7 Rxc4 35. Kf1 d3 36. Ke1 Rxe4+ 37. Kd1 Re2 38. Bc5 g5 39. Re7+ Kd8 40. Rxh7 Rc2 41. Be7+ Kd7 42. Bxf6+ Ke6 43. Bxg5 Kf5 44. Be3 Ke4 45. Rf7 Ra2 46. h4 Ra1+ 47. Kd2 Ra2+ 48. Kc3 Rc2+ 49. Kb3 Rc8 50. h5 a5 51. h6 Rb8+ 52. Ka4 Rb2 53. h7 1-0


[Site "https://www.chess.com"]

[Event "Titled Tuesday Blitz February 15 Late 2022"]
[White "Mikhailovsky, Vladimir"]
[Black "Moroni, Luca Jr"]
[WhiteFideId "34105414"]
[BlackFideId "865834"]
[WhiteElo "2371"]
[BlackElo "2573"]
[Result "1/2-1/2"]
[Round "06"]
[TimeControl "180+1"]
[Date "2022.02.15"]
[WhiteClock "0:00:14"]
[BlackClock "0:00:11"]

1. d4 d6 2. e4 e5 3. Nf3 exd4 4. Nxd4 Nf6 5. Nc3 Be7 6. g3 O-O 7. Bg2 Re8 8. O-O Bf8 9. Re1 c6 10. b3 Nbd7 11. Bb2 Qa5 12. Nf5 Qc7 13. Qd4 g6 14. Ne3 Bg7 15. Nc4 Re6 16. Rad1 Ne8 17. Qd2 b5 18. Ne3 Nef6 19. e5 Nxe5 20. Nxb5 cxb5 21. Bxa8 Bb7 22. Bxb7 Qxb7 23. Bxe5 dxe5 24. Nd5 h5 25. Nxf6+ Bxf6 26. Qd5 Qa6 27. f4 Qxa2 28. fxe5 Be7 29. Re2 Qa6 30. Rf1 Qb6+ 31. Kg2 Bc5 32. Qf3 Qc7 33. h4 Kg7 34. g4 hxg4 35. Qxg4 Rxe5 36. Rxe5 Qxe5 37. Qf4 Qe6 38. h5 gxh5 39. Qg5+ Qg6 40. Rf5 Be3 41. Qxg6+ fxg6 42. Rxb5 g5 43. Kf3 Bc1 44. Rb7+ Kg6 45. Rxa7 g4+ 46. Kg2 h4 47. Ra5 Bf4 48. Rd5 h3+ 49. Kh1 g3 50. Rd3 Kf5 51. c4 Ke4 52. Rxg3 Bxg3 53. b4 Kd4 54. c5 Kd5 55. b5 Kxc5 56. b6 Bb8 57. b7 Kc6 58. Kg1 Kd5 59. Kh1 Ke6 60. Kg1 Kd7 61. Kh1 Kc6 62. Kg1 Kxb7 63. Kh1 Kc6 64. Kg1 Kd5 65. Kh1 Ke4 66. Kg1 Ke3 67. Kh1 Kf3 68. Kg1 Kg3 69. Kh1 Ba7 1/2-1/2


[Site "https://www.chess.com"]

[Event "Titled Tuesday Blitz February 15 Late 2022"]
[White "Mirzoev, Azer"]
[Black "Grigoriants, Sergey"]
[WhiteFideId "13400304"]
[BlackFideId "4130804"]
[WhiteElo "2525"]
[BlackElo "2502"]
[Result "1/2-1/2"]
[Round "06"]
[TimeControl "180+1"]
[Date "2022.02.15"]
[WhiteClock "0:00:11"]
[BlackClock "0:00:08"]

1. d4 Nf6 2. Nf3 d5 3. Bf4 c5 4. e3 Nc6 5. c3 Qb6 6. Qc2 g6 7. Nbd2 Bf5 8. Qb3 c4 9. Qxb6 axb6 10. a3 b5 11. Rc1 Bg7 12. Be2 Nd7 13. Nh4 Be6 14. Bc7 Rc8 15. Bg3 Nb6 16. Bd1 Na4 17. Bxa4 bxa4 18. O-O Na5 19. Rfe1 Rc6 20. e4 Bh6 21. f4 Nb3 22. Nxb3 cxb3 23. Nf3 dxe4 24. Rxe4 Bd5 25. Re3 Bxf3 26. Rxf3 e6 27. Re1 O-O 28. Bh4 Bg7 29. Be7 Re8 30. Bb4 Rd8 31. Kf1 Rd5 32. Ke2 b5 33. Re3 g5 34. fxg5 Rxg5 35. g3 h5 36. Kd3 Rf5 37. Ke2 Bf8 38. Bxf8 Kxf8 39. Kd3 Kg7 40. Re5 Rf3+ 41. R1e3 Rxe3+ 42. Rxe3 f6 43. Re4 Kg6 44. Rf4 Kg5 45. Re4 Kf5 46. Rf4+ Kg6 47. Re4 Kf5 48. Rf4+ Kg5 49. Re4 Kf5 1/2-1/2


[Site "https://www.chess.com"]

[Event "Titled Tuesday Blitz February 15 Late 2022"]
[White "Mogranzini, Roberto"]
[Black "Bolanos, Fernando"]
[WhiteFideId "810894"]
[BlackFideId "3304094"]
[WhiteElo "2469"]
[BlackElo "2019"]
[Result "0-1"]
[Round "06"]
[TimeControl "180+1"]
[Date "2022.02.16"]
[WhiteClock "0:00:05"]
[BlackClock "0:00:21"]

1. e4 c5 2. Nf3 Nc6 3. Nc3 g6 4. d4 cxd4 5. Nxd4 Bg7 6. Nb3 d6 7. Be2 Nf6 8. O-O O-O 9. Bg5 a6 10. f4 b5 11. Bf3 Bb7 12. Nd5 Nxd5 13. exd5 Na5 14. Nxa5 Qxa5 15. c3 b4 16. Kh1 Rfe8 17. cxb4 Qxb4 18. a3 Qb5 19. Rc1 Rac8 20. Rxc8 Bxc8 21. b4 Bf5 22. Be2 Qb6 23. Qa4 Rc8 24. Qxa6 Qe3 25. Bf3 Rc1 26. h3 Bd4 27. Bh6 Rxf1+ 28. Qxf1 Qxa3 29. b5 Bd3 30. Be2 Be4 31. Bf3 Bd3 32. Be2 Be4 33. Bf3 Bxf3 34. Qxf3 Qxf3 35. gxf3 f6 36. Kg2 Kf7 37. Kf1 e6 38. dxe6+ Kxe6 39. Ke2 Kd5 40. Kd3 Bf2 41. f5 gxf5 42. Bf4 Kc5 43. b6 Kxb6 44. Bxd6 Kc6 45. Be7 Bh4 46. Kc4 Kd7 47. Ba3 Ke6 48. Bb2 Bg3 49. Ba3 Bd6 50. Bb2 Be5 51. Ba3 Kf7 52. Kd5 Kg6 53. Bc1 Kh5 54. Ke6 Kh4 55. f4 Bc3 56. Kxf5 Kxh3 57. Be3 h5 58. Bb6 Kg3 0-1


[Site "https://www.chess.com"]

[Event "Titled Tuesday Blitz February 15 Late 2022"]
[White "Moral Garcia, Serafin"]
[Black "Piesik, Piotr"]
[WhiteFideId "2201925"]
[BlackFideId "1136194"]
[WhiteElo "2228"]
[BlackElo "2232"]
[Result "1-0"]
[Round "06"]
[TimeControl "180+1"]
[Date "2022.02.16"]
[WhiteClock "0:01:00"]
[BlackClock "0:00:17"]

1. e4 g6 2. d4 Bg7 3. Nc3 c6 4. Nf3 d6 5. h3 Nf6 6. Be3 O-O 7. Qd2 Nbd7 8. Be2 b5 9. a3 Qc7 10. O-O e5 11. Rad1 Re8 12. d5 cxd5 13. Nxb5 Qb8 14. exd5 Ne4 15. Qa5 Re7 16. Nc7 Ndc5 17. Nxa8 Qxa8 18. Nd2 Bf5 19. Nxe4 Nxe4 20. Bd3 h5 21. Qa4 Nf6 22. Bg5 Bxd3 23. Rxd3 Rc7 24. c4 Ne4 25. Be3 f5 26. f3 Ng3 27. Rc1 Ne2+ 28. Kf2 Nxc1 29. Bxc1 e4 30. Rd1 exf3 31. gxf3 Qc8 32. b3 f4 33. Kg2 Qf5 34. Qe8+ Kh7 35. Qe2 Bf6 36. Qe4 Qg5+ 37. Kh1 Qg3 38. Bxf4 Qxh3+ 39. Kg1 Re7 40. Qd3 Be5 41. Qe3 Rf7 42. Bxe5 Rxf3 43. Qxa7+ Kh6 44. Bg7+ Kg5 45. Qe7+ Kg4 46. Qe6+ Kf4 47. Qxh3 1-0


[Site "https://www.chess.com"]

[Event "Titled Tuesday Blitz February 15 Late 2022"]
[White "Moreira, Ronaldo Alonso"]
[Black "Golubenko, Valentina"]
[WhiteFideId "2110547"]
[BlackFideId "4501993"]
[WhiteElo "2037"]
[BlackElo "2164"]
[Result "0-1"]
[Round "06"]
[TimeControl "180+1"]
[Date "2022.02.16"]
[WhiteClock "0:00:08"]
[BlackClock "0:00:12"]

1. d4 Nf6 2. c4 c5 3. d5 d6 4. Nc3 g6 5. g3 e6 6. Bg2 exd5 7. cxd5 Bg7 8. Nf3 O-O 9. O-O Re8 10. Nd2 a6 11. a4 Nbd7 12. Nc4 Ne5 13. Nxe5 Rxe5 14. Bf4 Re8 15. e4 Ng4 16. Qc2 Rb8 17. a5 b5 18. axb6 Qxb6 19. Na4 Qc7 20. Rab1 Bd7 21. b4 c4 22. Rfc1 Bd4 23. Rf1 c3 24. h3 Ne5 25. Nb2 Rxb4 26. Nd3 Nxd3 27. Qxd3 Bb5 28. Qc2 Rxb1 29. Rxb1 Rc8 30. Bf3 Qc4 31. Bxd6 Qd3 32. Qxd3 Bxd3 33. Rc1 c2 34. e5 Bb2 35. Re1 c1=Q 36. Rxc1 Rxc1+ 37. Kg2 Re1 38. e6 fxe6 39. dxe6 Bc4 40. e7 Bf6 41. Be2 Rxe2 0-1


[Site "https://www.chess.com"]

[Event "Titled Tuesday Blitz February 15 Late 2022"]
[White "Musovic, Armin"]
[Black "Arabidze, Meri"]
[WhiteFideId "939935"]
[BlackFideId "13604040"]
[WhiteElo "2250"]
[BlackElo "2329"]
[Result "1-0"]
[Round "06"]
[TimeControl "180+1"]
[Date "2022.02.16"]
[WhiteClock "0:00:20"]
[BlackClock "0:00:14"]

1. a3 e5 2. Nc3 Nc6 3. e4 Nf6 4. Nf3 g6 5. d4 exd4 6. Nd5 h6 7. Bc4 Bg7 8. O-O O-O 9. Re1 d6 10. h3 Ne5 11. Ba2 Nxf3+ 12. Qxf3 Nxd5 13. Bxd5 c6 14. Bb3 Be6 15. Bxe6 fxe6 16. Qb3 Qd7 17. f4 Kh7 18. Qd3 e5 19. Rf1 exf4 20. Bxf4 c5 21. Rf3 Rf7 22. Raf1 Qe6 23. b3 Raf8 24. a4 b6 25. Bg3 Rxf3 26. Rxf3 Rxf3 27. Qxf3 h5 28. Bh4 c4 29. bxc4 Qxc4 30. Qb3 Qe2 31. Qd3 Qxd3 32. cxd3 a6 33. Kf1 Be5 34. Ke2 Bf4 35. Bf2 Be3 36. Bg3 Kg7 37. Bxd6 Kf7 38. Bc7 b5 39. axb5 axb5 40. Ba5 Ke6 41. Bb4 Bf4 42. Bc5 Ke5 43. Kf3 Bd2 44. Ke2 Bc3 45. Kd1 Kf4 46. Kc2 Kg3 47. e5 Ba5 48. e6 Bd8 49. Bxd4 Kxg2 50. Be5 Kxh3 51. d4 g5 52. d5 g4 53. d6 g3 54. Bxg3 Kxg3 55. e7 Bxe7 56. dxe7 h4 57. e8=Q h3 58. Qg6+ Kh2 59. Kd2 b4 60. Ke2 b3 61. Kf2 b2 62. Qg1# 1-0


[Site "https://www.chess.com"]

[Event "Titled Tuesday Blitz February 15 Late 2022"]
[White "Namitbir Singh Walia"]
[Black "Papp, Petra"]
[WhiteFideId "35071068"]
[BlackFideId "739049"]
[WhiteElo "1479"]
[BlackElo "2259"]
[Result "1-0"]
[Round "06"]
[TimeControl "180+1"]
[Date "2022.02.16"]
[WhiteClock "0:01:02"]
[BlackClock "0:01:31"]

1. d4 d6 2. c4 f5 3. Nc3 Nf6 4. Nf3 g6 5. g3 Bg7 6. Bg2 O-O 7. O-O c6 8. Bg5 h6 9. Bf4 Nh5 10. Qd2 Nxf4 11. gxf4 Nd7 12. Rad1 Nf6 13. Kh1 Ne4 14. Qe3 Nf6 15. Nh4 Kh7 16. Qg3 Qe8 17. Bf3 Rg8 18. Rg1 Bh8 19. h3 Be6 20. d5 1-0


[Site "https://www.chess.com"]

[Event "Titled Tuesday Blitz February 15 Late 2022"]
[White "Nazaretyan, Tigran"]
[Black "Levine, Joseph"]
[WhiteFideId "24162345"]
[BlackFideId "30940346"]
[WhiteElo "2192"]
[BlackElo "1802"]
[Result "1-0"]
[Round "06"]
[TimeControl "180+1"]
[Date "2022.02.16"]
[WhiteClock "0:00:15"]
[BlackClock "0:00:28"]

1. d4 d5 2. c4 e6 3. Nf3 Nf6 4. Nc3 c6 5. e3 Nbd7 6. Qc2 b6 7. Bd3 Bb7 8. O-O Be7 9. b3 Rc8 10. e4 dxe4 11. Nxe4 Nxe4 12. Bxe4 Qc7 13. Re1 Nf6 14. Bd3 c5 15. d5 exd5 16. cxd5 O-O 17. Ng5 h6 18. Nh7 Nxh7 19. Bxh7+ Kh8 20. Be4 Bd6 21. h3 Be5 22. Bb2 Bxb2 23. Qxb2 Rcd8 24. Rad1 Rfe8 25. Qc2 Qe5 26. Qd2 Qd6 27. Bf3 Rxe1+ 28. Qxe1 Kg8 29. Qe4 g6 30. h4 Kg7 31. h5 g5 32. Qf5 Qf6 33. Qc2 Rd6 34. a4 Qe5 35. Qc4 f5 36. g3 Kf6 37. Rd3 Qe1+ 38. Kg2 g4 39. Bxg4 Qe4+ 40. Bf3 Qe5 41. Qc1 f4 42. g4 Bxd5 43. Rxd5 Rxd5 44. Bxd5 Qxd5+ 45. f3 Qd4 46. Qc2 Ke5 47. Qf5+ Kd6 48. Qg6+ Kc7 49. Qxh6 Qb2+ 50. Kh3 Qxb3 51. Qxf4+ Kb7 52. h6 Qb1 53. Qe4+ Qxe4 54. fxe4 c4 55. h7 c3 56. h8=Q c2 57. Qc3 c1=Q 58. Qxc1 Kb8 59. g5 Kb7 60. g6 a5 61. g7 b5 62. g8=Q bxa4 63. e5 a3 64. e6 a2 65. e7 a1=Q 66. Qxa1 a4 67. e8=Q a3 68. Qgf7+ Kb6 69. Qee6+ Kb5 70. Qae5+ Kb4 71. Q5d5 a2 72. Qxa2 Kc3 73. Qe3+ Kb4 74. Qb7# 1-0


[Site "https://www.chess.com"]

[Event "Titled Tuesday Blitz February 15 Late 2022"]
[White "Papasimakopoulos, Alexandros"]
[Black "Sjugirov, Sanan"]
[WhiteFideId "4244125"]
[BlackFideId "4189302"]
[WhiteElo "2340"]
[BlackElo "2602"]
[Result "1-0"]
[Round "06"]
[TimeControl "180+1"]
[Date "2022.02.15"]
[WhiteClock "0:00:12"]
[BlackClock "0:00:02"]

1. d4 Nf6 2. c4 e6 3. Nc3 Bb4 4. Qc2 d5 5. cxd5 exd5 6. Bg5 h6 7. Bh4 Nc6 8. e3 g5 9. Bg3 h5 10. Bb5 h4 11. Be5 Rh6 12. h3 Bd7 13. Bh2 Ne4 14. Ne2 a6 15. Bd3 f5 16. O-O Bxc3 17. bxc3 Qe7 18. Rab1 b5 19. a4 bxa4 20. c4 Nb4 21. Rxb4 Qxb4 22. Rb1 Qa5 23. cxd5 Qxd5 24. f3 Ng3 25. Bxg3 hxg3 26. e4 Qc6 27. Qa2 Qe6 28. Bc4 Qd6 29. e5 Qe7 30. Nxg3 Rb6 31. Re1 Rab8 32. Bd3 Be6 33. Qxa4+ Qd7 34. Qa1 Rb4 35. Ne2 a5 36. Kh1 a4 37. Qc1 f4 38. Be4 Rc4 39. Qa3 Bd5 40. Bg6+ Bf7 41. Nxf4 Qe7 42. Bxf7+ Kxf7 43. e6+ Ke8 44. Qd3 gxf4 45. Qxc4 Qb4 46. Qc6+ Kf8 47. e7+ Kg7 48. e8=Q Rxe8 49. Qxe8 1-0


[Site "https://www.chess.com"]

[Event "Titled Tuesday Blitz February 15 Late 2022"]
[White "Papayan, Oleg"]
[Black "Kim, Sergey"]
[WhiteFideId "4193911"]
[BlackFideId "13700570"]
[WhiteElo "2038"]
[BlackElo "2609"]
[Result "0-1"]
[Round "06"]
[TimeControl "180+1"]
[Date "2022.02.16"]
[WhiteClock "0:00:34"]
[BlackClock "0:01:25"]

1. e4 e5 2. Nf3 Nc6 3. Bb5 a6 4. Bxc6 dxc6 5. O-O f6 6. d4 exd4 7. Nxd4 Ne7 8. Nc3 Ng6 9. Be3 Bb4 10. Nce2 O-O 11. c3 Bd6 12. Qb3+ Kh8 13. Ne6 Bxe6 14. Qxe6 Re8 15. Qg4 Qe7 16. f3 Qe5 17. Qh3 Qb5 18. Rfe1 Qxb2 19. Rab1 Qxa2 20. Rxb7 a5 21. Nd4 Qc4 22. Rc1 a4 23. Nf5 a3 24. Nxd6 cxd6 25. Qd7 Re7 26. Qxe7 Nxe7 27. Rxe7 a2 28. Rd7 a1=Q 0-1


[Site "https://www.chess.com"]

[Event "Titled Tuesday Blitz February 15 Late 2022"]
[White "Petrova, Irina"]
[Black "Kozin, Yuri"]
[WhiteFideId "14124122"]
[BlackFideId "4129920"]
[WhiteElo "1988"]
[BlackElo "2524"]
[Result "0-1"]
[Round "06"]
[TimeControl "180+1"]
[Date "2022.02.16"]
[WhiteClock "0:00:27"]
[BlackClock "0:00:52"]

1. e4 c5 2. Nf3 e6 3. b3 b6 4. Bd3 Bb7 5. O-O Nf6 6. Re1 Be7 7. Bb2 O-O 8. c3 Nc6 9. Bc2 d6 10. d4 cxd4 11. cxd4 Nb4 12. Nc3 Nxc2 13. Qxc2 Rc8 14. Rad1 d5 15. e5 Ne4 16. Qd3 Bb4 17. Rc1 Qe7 18. Nd2 Ba3 19. Bxa3 Qxa3 20. Ndb1 Qa5 21. f3 Ba6 22. Qe3 Nxc3 23. Nxc3 h6 24. Na4 Bb5 25. Rxc8 Rxc8 26. Rc1 Rxc1+ 27. Qxc1 Bxa4 28. bxa4 Qxa4 29. Qc8+ Kh7 30. Qc7 Qxd4+ 31. Kf1 Qa1+ 32. Kf2 Qxa2+ 33. Kg3 Kg6 34. h4 h5 35. Qe7 Qc2 36. Qg5+ Kh7 37. Qxh5+ Kg8 38. Kh2 Qf5 0-1


[Site "https://www.chess.com"]

[Event "Titled Tuesday Blitz February 15 Late 2022"]
[White "Pichot, Alan"]
[Black "Janaszak, Dawid"]
[WhiteFideId "110973"]
[BlackFideId "1119206"]
[WhiteElo "2543"]
[BlackElo "2199"]
[Result "1-0"]
[Round "06"]
[TimeControl "180+1"]
[Date "2022.02.15"]
[WhiteClock "0:00:17"]
[BlackClock "0:00:02"]

1. e4 c5 2. Nf3 Nc6 3. Bb5 g6 4. O-O Bg7 5. c3 Nf6 6. Re1 O-O 7. h3 Qb6 8. a4 a6 9. Bf1 e5 10. d3 d5 11. Nbd2 Rd8 12. exd5 Nxd5 13. Nc4 Qc7 14. Bg5 f6 15. Bh4 Bf5 16. Bg3 Qf7 17. a5 g5 18. Qb3 Nf4 19. Bxf4 gxf4 20. Rad1 Be6 21. Qc2 Bxc4 22. dxc4 Nxa5 23. Bd3 Bf8 24. b3 Rd6 25. Be4 Kh8 26. Rxd6 Bxd6 27. Rd1 Rd8 28. Nh4 Bc7 29. Nf5 Nc6 30. Qe2 Qf8 31. Qh5 Rxd1+ 32. Qxd1 Qd8 33. Qh5 Qd7 34. Nh6 Nd8 35. Ng4 Qf7 36. Qf5 1-0


[Site "https://www.chess.com"]